 Dungeon Crawl Stone Soup version 0.24-a0-22-g2a401c0 (webtiles) character file.

Game seed: 12849299409913437668

2071 Lanoc the Chopper (level 9, -3/75 HPs)
             Began as a Ghoul Gladiator on Feb 1, 2019.
             Was a Priest of Uskayaw.
             Slain by a slime creature (19 damage)
             ... on level 7 of the Dungeon.
             The game lasted 00:13:17 (5997 turns).

Lanoc the Chopper (Ghoul Gladiator)                 Turns: 5997, Time: 00:13:19

Health: -3/75      AC:  5    Str: 21    XL:     9   Next: 26%
Magic:  11/11      EV: 12    Int:  3    God:    Uskayaw [***...]
Gold:   294        SH:  0    Dex: 10    Spells: 8/8 levels left

rFire    . . .     SeeInvis .   a - +0 war axe
rCold    + . .     Gourm    .   (no shield)
rNeg     + + +     Faith    .   w - +0 scale mail (curse)
rPois    ∞         Spirit   .   c - +0 helmet
rElec    .         Reflect  .   e - +0 cloak
rCorr    .         Harm     .   (no gloves)
MR       .....                  (no boots)
Stlth    ..........             l - amulet of the acrobat
HPRegen  0.00/turn              (no ring)
MPRegen  0.12/turn              (no ring)

@: corroded, rotting
A: rotting body, claws 1, carnivore, cold resistance 1, negative energy
resistance 3, inhibited regeneration, torment resistance, unbreathing
a: Stomp, Line Pass, Renounce Religion


You were on level 7 of the Dungeon.
You worshipped Uskayaw.
Uskayaw was noncommittal.
You were not hungry.

You visited 2 branches of the dungeon, and saw 8 of its levels.
You also visited: Sewer.

You collected 414 gold pieces.
You spent 120 gold pieces at shops.

Inventory:

Hand Weapons
 a - a +0 war axe (weapon)
Missiles
 d - 3 throwing nets (quivered)
Armour
 c - a +0 helmet (worn)
 e - a +0 cloak (worn)
 w - a cursed +0 scale mail (worn)
Jewellery
 l - an amulet of the acrobat (around neck)
Wands
 y - a wand of random effects (20)
Scrolls
 j - 5 scrolls of fear
 n - 4 scrolls of remove curse
 p - a scroll of enchant weapon {unknown}
 s - a scroll of teleportation
 t - a scroll of fog {unknown}
 v - a scroll of blinking
 x - a scroll of enchant armour {unknown}
Potions
 b - a potion of degeneration {unknown}
 g - a potion of berserk rage {unknown}
 h - a potion of invisibility
 i - 12 potions of heal wounds
 k - a potion of mutation
 m - a potion of haste
 o - 5 potions of curing
 q - 3 potions of brilliance
 r - 2 potions of magic
 u - a potion of flight
 A - a potion of agility {unknown}
Comestibles
 f - 18 rations
 z - 6 chunks of flesh


   Skills:
 + Level 5.8 Fighting
 * Level 7.1 Axes
 - Level 1.7 Throwing
 + Level 4.3 Armour
 + Level 5.2 Dodging
 + Level 4.0 Invocations


You had 8 spell levels left.
You didn't know any spells.
Your spell library was empty.

Dungeon Overview and Level Annotations

Branches:
Dungeon (7/15)             Temple (1/1) D:4

Altars:
Ashenzari
Cheibriados
Dithmenos
Elyvilon
Fedhas
Gozag
Kikubaaqudgha
Makhleb
Nemelex Xobeh
Okawaru
Qazlal
Ru
Sif Muna
Trog
Uskayaw
Vehumet
Wu Jian
Xom
Yredelemnul
Zin
The Shining One

Shops:
D:4 (   D:6 !

Annotations:
D:6 1 runed translucent door, confidenceinterval's ghost, novice DsBe


Innate Abilities, Weirdness & Mutations

Your body is rotting away.
You thrive on raw meat.
You are immune to poison.
You have sharp fingernails.
You are carnivorous and can eat meat at any time.
Your flesh is cold resistant. (rC+)
You are immune to negative energy. (rN+++)
You do not regenerate when monsters are visible.
You are immune to unholy pain and torment.
You can survive without breathing.


Message History

The slime creature misses you.
The slime creature completely misses you.
The ooze hits the fungus.
The slime creature hits you!
* * * LOW HITPOINT WARNING * * *
Uskayaw will force your foes to helplessly watch your dance.
Uskayaw prepares the audience for your solo!
The helpless slime creature fails to defend itself.
You hit the slime creature.
The slime creature is moderately wounded.
The helpless slime creature fails to defend itself.
You hit the slime creature.
The helpless jelly fails to defend itself.
You hit the jelly. The acid corrodes you!
Your claws burn!
* * * LOW HITPOINT WARNING * * *
The slime creature is no longer paralysed. x2
The ooze is no longer paralysed.
The jelly is no longer paralysed. x2
The ooze is no longer paralysed. x3
The slime creature is no longer paralysed.
The slime creature hits you!!
You die...

....#......#
#........###.#
....#......##
#........##..#
............#
#....######.##
..........#.# #...#.#
#.# ....#.....#.#
#..##.# #.#
....##.####.# ### ###
#.# #####.## ### #######
#.#
##.############JJJ...#
#.#
###..###......##@JP.PPP#
#.#
.##..##.......#.#JJJ..÷#
#.#
.##..'.)......#.#PP.P..#
#.#
.....'.)......#.#.JJ.÷.#
#.#
.##..'.)....#'#)#..P..P#
#.#
.##..##.....#.#.#..÷...#
#.#
.###.###....#.#.#.P.P÷P#
#.# .# ###
#######.##.....(####.##
.# ### #....#


You could see 3 slime creatures, 2 jellies and 4 oozes.

Vanquished Creatures
  A hungry ghost (D:7)
  An ogre (D:2)
  4 centaurs
  6 big kobolds
  6 bullfrogs
  A scorpion (D:7)
  A crimson imp (D:6)
  2 jellies
  A bullfrog zombie (D:7)
  3 hounds
  An orc wizard (D:2)
  An iguana (D:3)
  4 worker ants
  A hound zombie (D:7)
  A mummy (D:6)
  7 gnolls
  9 adders
  5 oozes
  An adder zombie (D:5)
  An adder skeleton (D:4)
  7 worms
  3 dart slugs
  7 leopard geckos
  10 orcs
  4 giant cockroaches
  2 goblins (D:2)
  6 hobgoblins
  4 jackals (D:4)
  2 quokkas
  6 ball pythons
  5 bats
  2 frilled lizards
  A jackal zombie (D:4)
  13 kobolds
  2 leopard gecko skeletons
  A leopard gecko zombie (D:5)
  2 rats
134 creatures vanquished.

Vanquished Creatures (others)
  6 toadstools (D:7)
6 creatures vanquished.

Grand Total: 140 creatures vanquished

Notes
Turn   | Place    | Note
-------+----------+-------------------------------------------
     0 | D:1      | Lanoc the Ghoul Gladiator began the quest for the Orb.
     0 | D:1      | Reached XP level 1. HP: 17/17 MP: 0/0
   278 | D:1      | Reached XP level 2. HP: 23/25 MP: 1/1
   925 | D:2      | Reached skill level 3 in Axes
   947 | D:2      | Reached XP level 3. HP: 30/30 MP: 2/2
   956 | D:2      | Reached skill level 1 in Armour
  1062 | D:2      | Noticed an ogre
  1077 | D:2      | Killed an ogre
  1077 | D:2      | Reached XP level 4. HP: 34/38 MP: 3/3
  1077 | D:2      | Reached XP level 5. HP: 40/45 MP: 4/4
  1215 | D:2      | Reached skill level 4 in Axes
  1569 | D:3      | Found a shattered altar of Ashenzari.
  1569 | D:3      | Found a basalt altar of Yredelemnul.
  1805 | D:3      | Reached XP level 6. HP: 16/51 MP: 5/5
  2521 | D:4      | Found Jafu Kaqi's Weapon Boutique.
  2592 | D:4      | Found a staircase to the Ecumenical Temple.
  2597 | Temple   | Entered the Ecumenical Temple
  2753 | Temple   | Became a worshipper of Uskayaw the Reveler
  2804 | D:4      | Reached * piety under Uskayaw
  2865 | D:4      | Reached ** piety under Uskayaw
  3361 | D:5      | Entered Level 5 of the Dungeon
  3379 | D:5      | Reached XP level 7. HP: 43/59 MP: 6/6
  3390 | D:5      | Found a glowing drain.
  3397 | Sewer    | Entered a sewer
  3471 | Sewer    | Reached skill level 5 in Axes
  3484 | Sewer    | Reached skill level 1 in Invocations
  3845 | D:5      | Reached XP level 8. HP: 50/67 MP: 8/8
  3948 | D:5      | Found a white marble altar of Elyvilon.
  4012 | D:5      | Reached *** piety under Uskayaw
  4013 | D:5      | Reached **** piety under Uskayaw
  4521 | D:6      | Reached skill level 6 in Axes
  4525 | D:6      | Reached skill level 5 in Fighting
  4735 | D:6      | Found a runed translucent door.
  4735 | D:6      | Noticed confidenceinterval's ghost (novice DsBe)
  4816 | D:6      | Found a sacrificial altar of Ru.
  5067 | D:6      | Found a snail-covered altar of Cheibriados.
  5272 | D:6      | Found Deicucse's Distillery.
  5280 | D:6      | Bought a potion of heal wounds for 60 gold pieces
  5280 | D:6      | Bought a potion of heal wounds for 60 gold pieces
  5535 | D:7      | Reached skill level 5 in Dodging
  5724 | D:7      | Reached XP level 9. HP: 54/74 MP: 10/10
  5818 | D:7      | Reached skill level 7 in Axes
  5997 | D:7      | Slain by a slime creature

Vault maps used:
D:1:      mushboom_english_gardens
D:2:      first_ration
D:3:      gammafunk_temple_overflow_elements
D:4:      minmay_temple_entry_ruins, serial_shops, shop
D:5:      old_standard_altar, gup_sewer_entry_bowl, minmay_misc_feat_nine_boxes
D:6:      nicolae_ru_awakened_eye, slow_altar_2, serial_shops, shop,
          gammafunk_ghost_grave
D:7:      cheibrodos_fertilizer, tgw_kikubaaqudgha
Temple:   nicolae_temple_elliptical
Sewer:    sewer_co_15_rooms

Skill      XL: |  1  2  3  4  5  6  7  8  9 |
---------------+----------------------------+-----
Axes           | 3 4 5 6 7 |  7.1
Dodging        | 3 4 5 |  5.2
Armour         | 1 2 3 4 |  4.3
Fighting       | 3 4 5 |  5.8
Invocations    | 2 3 4 |  4.0
Throwing       | |  1.7

Action                   |  1- 3 |  4- 6 |  7- 9 || total
-------------------------+-------+-------+-------++-------
Melee: War axe           |    70 |   197 |   325 ||   592
  Use: Potion            |     2 |       |     2 ||     4
       Scroll            |     1 |     7 |     3 ||    11
 Stab: Paralysed         |       |       |    10 ||    10
  Eat: Chunk             |    11 |    24 |    41 ||    76
Armor: Leather armour    |    28 |    37 |    25 ||    90
       Scale mail        |       |       |    94 ||    94
Dodge: Dodged            |    70 |   167 |   256 ||   493

Table legend:
 A = Non-vault XP
 B = Vault XP
 C = Vault XP percentage of total XP
 D = Non-vault monster count
 E = Vault monster count
 F = Vault count percentage of total count
                 A         B        C        D         E       F
            +---------+---------+-------+---------+---------+-------
      Total |    2281 |     678 |  22.9 |     107 |      27 |  20.1
            +---------+---------+-------+---------+---------+-------
        D:1 |      14 |       0 |   0.0 |       8 |       0 |   0.0
        D:2 |     277 |       0 |   0.0 |      25 |       0 |   0.0
        D:3 |     186 |       0 |   0.0 |      20 |       0 |   0.0
        D:4 |     131 |       0 |   0.0 |      15 |       0 |   0.0
        D:5 |     342 |      10 |   2.8 |      12 |       3 |  20.0
        D:6 |     611 |      18 |   2.9 |      13 |       1 |   7.1
        D:7 |     720 |     118 |  14.1 |      14 |       6 |  30.0
      Sewer |       0 |     532 | 100.0 |       0 |      17 | 100.0
            +---------+---------+-------+---------+---------+-------
